Map: Scythe of Amon

Players

monk

  • Race: Protoss Protoss
  • Spawn Location: 5:00

sTkmonk

  • Race: Terran Terran
  • Spawn Location: 5:00

VOD

Have the link to the VOD?

Description

Time

  • Played on: Aug. 29, 2017, 2:12 a.m.
  • Length: 19:02
Show
View Real Time Build Order
Export as new Build Order

monk Protoss 

Build Orders:  

Get SALT Encoding   

  12  0:00  Probe (Chrono Boost)  
  13  0:12  Probe (Chrono Boost)  
  14  0:24  Probe (Chrono Boost)  
  15  0:37  Probe (Chrono Boost)  
  15  0:38  Pylon  
  16  0:48  Assimilator  
  16  0:49  Probe (Chrono Boost)  
  17  1:01  Probe (Chrono Boost)  
  17  1:05  Assimilator  
  18  1:13  Probe (Chrono Boost)  
  19  1:25  Probe (Chrono Boost)  
  20  1:34  Forge  
  20  1:37  Probe (Chrono Boost)  
  21  1:49  Probe (Chrono Boost)  
  22  2:01  Probe (Chrono Boost)  
  23  2:13  Probe (Chrono Boost)  
  23  2:14  Pylon  
  24  2:25  Probe (Chrono Boost)  
  25  2:37  Probe (Chrono Boost)  
  25  2:44  Solar Efficiency Level 1  
  25  2:49  Probe (Chrono Boost)  
  27  3:01  Probe (Chrono Boost)  
  27  3:08  Pylon  
  28  3:15  Photon Cannon  
  28  3:16  Photon Cannon  
  28  4:17  Pylon  
  28  4:19  Photon Cannon  
  28  4:20  Photon Cannon  
  28  4:21  Photon Cannon  
  28  4:38  Probe (Chrono Boost)  
  28  4:40  Nexus  
  28  4:49  Probe (Chrono Boost)  
  29  4:53  Probe (Chrono Boost)  
  29  4:54  Gateway  
  29  4:55  Probe (Chrono Boost)  
  29  4:57  Probe (Chrono Boost)  
  30  5:01  Probe (Chrono Boost)  
  30  5:08  Probe (Chrono Boost)  
  34  5:20  Probe (Chrono Boost)  
  34  5:29  Assimilator  
  36  5:35  Assimilator  
  36  5:36  Probe (Chrono Boost)  
  37  5:48  Probe (Chrono Boost)  
  38  6:02  Probe (Chrono Boost)  
  38  6:06  Cybernetics Core  
  39  6:14  Probe (Chrono Boost)  
  40  6:23  Probe (Chrono Boost)  
  40  6:26  Probe (Chrono Boost)  
  42  6:35  Probe (Chrono Boost)  
  42  6:38  Probe (Chrono Boost)  
  43  6:44  Protoss Air Weapons Level 1 (Chrono Boost)  
  43  6:47  Probe (Chrono Boost)  
  45  6:50  Probe (Chrono Boost)  
  45  6:57  Stargate  
  45  6:59  Probe (Chrono Boost)  
  46  7:03  Probe (Chrono Boost)  
  48  7:11  Probe (Chrono Boost)  
  48  7:15  Probe (Chrono Boost), Pylon  
  50  7:22  Carrier (Chrono Boost)  
  50  7:25  Probe (Chrono Boost)  
  50  7:27  Carrier x2 (Chrono Boost)  
  51  7:40  Stargate  
  51  7:44  Stargate  
  51  7:57  Fleet Beacon  
  51  8:29  Pylon  
  51  8:31  Pylon  
  51  8:53  Carrier (Chrono Boost)  
  51  8:55  Protoss Air Weapons Level 2 (Chrono Boost)  
  69  9:18  Carrier (Chrono Boost)  
  75  9:23  Carrier (Chrono Boost)  
  81  9:34  Pylon  
  87  10:24  Protoss Air Weapons Level 3  
  87  10:26  Pylon  
  87  10:31  Shield Battery  
  87  10:32  Shield Battery  
  87  10:35  Shield Battery  
  87  10:37  Shield Battery  
  87  10:43  Carrier (Chrono Boost)  
  87  10:45  Carrier (Chrono Boost)  
  93  10:54  Shield Battery  
  93  10:57  Shield Battery  
  99  11:34  Pylon  
  99  11:35  Pylon  
  99  11:37  Carrier (Chrono Boost)  
  105  12:14  Photon Cannon  
  105  12:16  Photon Cannon  
  105  12:19  Carrier (Chrono Boost)  
  105  12:20  Photon Cannon  
  105  12:22  Photon Cannon  
  105  12:23  Shield Battery  
  105  12:24  Photon Cannon  
  105  12:25  Shield Battery  
  105  12:27  Carrier (Chrono Boost)  
  105  12:28  Shield Battery x2  
  105  12:30  Carrier (Chrono Boost)  
  105  12:49  Pylon  
  117  13:31  Photon Cannon  
  117  13:34  Photon Cannon  
  117  13:36  Photon Cannon x2  
  117  13:40  Photon Cannon  
  123  14:02  Pylon  
  123  14:05  Pylon  
  123  14:17  Shield Battery  
  123  14:19  Carrier (Chrono Boost)  
  129  14:45  Photon Cannon  
  129  14:47  Photon Cannon  
  129  14:51  Photon Cannon  
  129  14:54  Photon Cannon  
  129  15:04  Carrier (Chrono Boost)  
  135  15:27  Carrier (Chrono Boost)  
Show
View Real Time Build Order
Export as new Build Order

sTkmonk Terran 

Build Orders:  

Get SALT Encoding   

Tags
 
Commander
KaraxRaynor
Matchup
Co-op
Replay Pack
Co-op Speedrun
Add a new tag
Caveats
  • Supply blocks, unpowered buildings, or Contaminate may cause inaccurate times.
  • Supply counts are checked every 10 seconds.